Thunderbirds vs Comets
Created - Friday, March 7, 2025 at 23:46
Goals
|
Thunderbirds |
0 |
0 |
2 |
2 |
Comets |
1 |
2 |
0 |
3 |
|
Shots
|
Thunderbirds |
14 |
6 |
14 |
34 |
Comets |
4 |
22 |
12 |
38 |
|
1st period
1. Comets , Patrick Brown 19 (Riley Nash 30, Zach Metsa 26) at 15:01
Penalties :
Robert Bortuzzo (SPR) for Tripping (Minor) at 6:21, Roby Jarventie (UTI) for Delaying the game (Minor) at 10:18, Tanner Fritz (UTI) for High sticking (Minor) at 12:32, Ashton Sautner (UTI) for High sticking (Double Minor) at 17:13
2nd period
2. Comets , Logan Shaw 42 (Tucker Robertson 7) at 5:33
3. Comets , Ashton Sautner 6 (Matthew Highmore 32, Jack Rathbone 9) at 16:30
Penalties :
Jett Woo (UTI) for Tripping (Minor) at 1:17, Vincent Iorio (SPR) for Tripping (Minor) at 6:27, Vincent Iorio (SPR) for Cross-checking (Minor) at 9:03, Roby Jarventie (UTI) for Tripping (Minor) at 12:42, Tanner Fritz (UTI) for Tripping (Minor) at 16:40
3rd period
4. Thunderbirds , James Malatesta 23 (Robert Bortuzzo 17, Hugh McGing 32) at 14:18 (PP)
5. Thunderbirds , James Malatesta 24 (Vincent Iorio 14, Hugh McGing 33) at 16:37 (PP)
Penalties :
Jett Woo (UTI) for Roughing (Minor) at 1:26, Vasily Podkolzin (UTI) for Cross-checking (Minor) at 7:05, Roby Jarventie (UTI) for Interference (Minor) at 11:06, Patrick Brown (UTI) for Holding (Minor) at 13:54, Riley Nash (UTI) for Tripping (Minor) at 15:09, Vasily Podkolzin (UTI) for Hooking (Minor) at 17:40
Goalie Stats
Clay Stevenson (SPR), 35 saves from 38 shots - (0.921), L, 27-17-3, 60:00 minutes
Jordan Papirny (UTI), 32 saves from 34 shots - (0.941), W, 42-15-4, 60:00 minutes
Players Stats for Thunderbirds
Player Name G A P +/- PIM S H SB GA TA FO MP PP MP PK MP
------------------------------------------------------------------------------------
Adam Wilsby 0 0 0 0 0 0 0 0 0 0 0/0 5:36 3:01 1:33
AJ Greer 0 0 0 -1 0 1 0 1 0 0 1/2 13:03 3:40 0:00
Artyom Anisimov 0 0 0 -1 0 2 3 1 0 0 10/20 23:11 10:53 3:45
Hugh McGing 0 2 2 -1 0 1 0 0 0 0 15/32 19:16 11:14 0:00
Jackson Cates 0 0 0 -2 0 5 0 0 0 0 2/4 13:16 0:00 0:00
Jacob Lucchini 0 0 0 0 0 2 1 1 0 0 0/1 20:52 9:28 1:33
James Malatesta 2 0 2 -1 0 4 3 1 0 0 1/5 21:43 10:39 1:33
Jasper Weatherby 0 0 0 -1 0 0 3 0 0 0 0/3 14:50 2:19 0:39
John Farinacci 0 0 0 0 0 0 0 0 0 0 0/0 0:58 0:00 0:00
Lukas Reichel 0 0 0 -1 0 4 1 0 0 0 12/25 25:10 10:19 4:24
Lukas Rousek 0 0 0 0 0 0 0 0 0 0 0/0 1:38 1:38 0:00
Marc Del Gaizo 0 0 0 -3 0 1 3 0 0 0 0/0 14:58 0:08 3:12
Oliver Kylington 0 0 0 0 0 6 3 1 0 0 0/0 22:35 11:01 3:20
Peetro Seppala 0 0 0 -3 0 0 0 0 0 0 0/0 12:49 1:00 0:00
Robert Bortuzzo 0 1 1 0 2 2 1 1 0 0 0/0 20:49 11:23 0:00
Tyson Jost 0 0 0 -1 0 4 1 0 0 0 2/3 19:06 9:56 0:00
Uvis Balinskis 0 0 0 0 0 2 2 1 0 0 0/0 19:34 10:59 2:45
Vincent Iorio 0 1 1 0 4 0 2 1 0 0 0/0 24:36 10:52 1:04
Players Stats for Comets
Player Name G A P +/- PIM S H SB GA TA FO MP PP MP PK MP
------------------------------------------------------------------------------------
Ashton Sautner 1 0 1 1 4 1 2 2 0 0 0/0 19:37 2:41 8:47
Cristiano DiGiacinto 0 0 0 0 0 0 0 0 0 0 0/0 0:00 0:00 0:00
Ethan Bear 0 0 0 0 0 2 2 2 0 0 0/0 24:49 3:23 11:36
Jack Rathbone 0 1 1 1 0 1 0 2 0 0 0/0 24:25 2:34 11:33
Jett Woo 0 0 0 2 4 0 0 0 0 0 0/0 12:08 0:00 0:00
Justin Dowling 0 0 0 0 0 2 1 0 0 0 28/42 23:10 3:28 13:07
Justin Richards 0 0 0 1 0 0 1 0 0 0 0/2 14:25 0:00 0:48
Kevin Korchinski 0 0 0 0 0 1 0 3 0 0 0/0 21:56 0:42 13:21
Logan Shaw 1 0 1 2 0 8 0 0 0 0 9/21 24:20 2:29 8:50
Matthew Highmore 0 1 1 1 0 3 1 1 0 0 1/2 22:04 3:28 12:57
Patrick Brown 1 0 1 1 2 5 1 0 0 0 1/3 17:10 2:29 3:37
Riley Nash 0 1 1 1 2 2 1 0 0 0 1/1 11:04 0:00 0:00
Roby Jarventie 0 0 0 0 6 5 2 1 0 0 1/2 15:48 2:29 7:07
Tanner Fritz 0 0 0 1 4 1 1 0 0 0 7/14 11:03 0:00 0:00
Tucker Robertson 0 1 1 1 0 0 0 0 0 0 3/7 7:26 0:00 0:00
Vasily Podkolzin 0 0 0 1 4 4 3 0 0 0 1/1 9:39 3:28 0:58
Wyatt Kaiser 0 0 0 0 0 0 1 0 0 0 0/0 2:16 0:00 2:05
Zach Metsa 0 1 1 2 0 3 0 1 0 0 0/0 14:46 2:34 0:02
3 Stars
1 - James Malatesta (SPR)
2 - Logan Shaw (UTI)
3 - Jordan Papirny (UTI)
Power Play
Thunderbirds - 2 on 13 Attempt(s) - 15.38%
Comets - 0 on 3 Attempt(s) - 0.00%
Penalty Kill
Thunderbirds - 3 on 3 Attempt(s) - 100.00%
- Score 0 goal in Penalty Kill
Comets - 11 on 13 Attempt(s) - 84.62%
- Score 0 goal in Penalty Kill
Team Stat
Thunderbirds - Hits : 23 - Faceoff Wins : 43 - Blocked Shots : 8 - Penalty Minutes : 6
Comets - Hits : 16 - Faceoff Wins : 52 - Blocked Shots : 12 - Penalty Minutes : 26
Official
Referees : Brandon Schrader and Tj Luxmore
Linesman : Ryan Jackson and Bevan Mills
Game Notes
No Game Note
Finance
Level 1 -- Attendance: 1775 (88.75%) -- Ticket Income $62,125
Level 2 -- Attendance: 1000 (100.00%) -- Ticket Income $15,000
Total Attendance: 2775 (92.50%)
Total Ticket Income: $77,125
Other Income: $37,791
Total Income: $114,916
Thunderbirds
5 vs 5 Forward
Center Left Wing Right Wing Time % Phy DF OF
1 Lukas Reichel AJ Greer Jacob Lucchini 25 1 2 2
2 Hugh McGing James Malatesta Tyson Jost 25 1 2 2
3 Artyom Anisimov Jasper Weatherby Jackson Cates 25 1 2 2
4 Jackson Cates Lukas Reichel James Malatesta 25 1 2 2
5 vs 5 Defense
Defense Defense Time % Phy DF OF
1 Vincent Iorio Robert Bortuzzo 25 1 2 2
2 Oliver Kylington Uvis Balinskis 25 1 2 2
3 Marc Del Gaizo Peetro Seppala 25 1 2 2
4 Vincent Iorio Oliver Kylington 25 1 2 2
PowerPlay Forward
Center Left Wing Right Wing Time % Phy DF OF
1 Lukas Reichel Tyson Jost Jacob Lucchini 60 1 2 2
2 Hugh McGing James Malatesta Artyom Anisimov 40 1 2 2
PowerPlay Defense
Defense Defense Time % Phy DF OF
1 Vincent Iorio Robert Bortuzzo 60 1 2 2
2 Oliver Kylington Uvis Balinskis 40 1 2 2
Penalty Kill 4 Players Forward
Center Wing Time % Phy DF OF
1 Artyom Anisimov Lukas Reichel 60 1 2 2
2 James Malatesta Jacob Lucchini 40 1 2 2
Penalty Kill 4 Players Defense
Defense Defense Time % Phy DF OF
1 Vincent Iorio Marc Del Gaizo 60 1 2 2
2 Uvis Balinskis Oliver Kylington 40 1 2 2
Penalty Kill - 3 Players Forward
Forward Time % Phy DF OF
1 Jacob Lucchini 60 1 2 2
2 James Malatesta 40 1 2 2
Penalty Kill - 3 Players Defense
Defense Defense Time % Phy DF OF
1 Vincent Iorio Oliver Kylington 60 1 2 2
2 Peetro Seppala Marc Del Gaizo 40 1 2 2
4 vs 4 Forward
Center Wing Time % Phy DF OF
1 Hugh McGing Lukas Reichel 60 1 2 2
2 James Malatesta Jacob Lucchini 40 1 2 2
4 vs 4 Defense
Defense Defense Time % Phy DF OF
1 Vincent Iorio Oliver Kylington 60 1 2 2
2 Marc Del Gaizo Peetro Seppala 40 1 2 2
Last Minutes Offensive
Center Left Wing Right Wing Defense Defense
Lukas Reichel Tyson Jost Jacob Lucchini Vincent Iorio Robert Bortuzzo
Last Minutes Defensive
Center Left Wing Right Wing Defense Defense
Lukas Reichel Tyson Jost Jacob Lucchini Vincent Iorio Robert Bortuzzo
Goaltenders
Starting : Clay Stevenson
Backup : Scott Wedgewood
Extra Forwards
Normal : Jacob Lucchini, James Malatesta, Artyom Anisimov - PP : James Malatesta, Jacob Lucchini - PK : Artyom Anisimov
Extra Defensemen
Normal : Uvis Balinskis, Vincent Iorio, Oliver Kylington - PP : Vincent Iorio - PK : Oliver Kylington, Vincent Iorio
Penalty Shots
Lukas Reichel, Artyom Anisimov, James Malatesta, Jacob Lucchini, Hugh McGing
Custom OT Lines Forwards
Lukas Reichel, AJ Greer, James Malatesta, Jacob Lucchini, Hugh McGing, Artyom Anisimov, Jackson Cates, John Farinacci, Tyson Jost, Jasper Weatherby
Custom OT Lines Defensemen
Vincent Iorio, Peetro Seppala, Oliver Kylington, Uvis Balinskis, Marc Del Gaizo
Scratches
Xavier Simoneau (Healthy), Ilya Usov (Healthy), Albert Johansson (Healthy), Henrik Rybinski (Healthy), Gabriel Fortier (Healthy)
Adam Raska (Healthy), Samuel Knazko (Healthy), Nicolas Beaudin (Healthy), Artyom Grushnikov (Healthy), Topias Vilen (Healthy)
Jack Matier (Healthy), Dmitri Kuzmin (Healthy), Nikita Novikov (Healthy), Jordy Bellerive (Healthy), Filip Engaras (Healthy)
Cam Morrison (Healthy), Chase Wheatcroft (Healthy), Jalen Luypen (Healthy), Jacob Gaucher (Healthy), Domenick Fensore (Healthy)
Shakir Mukhamadullin (Healthy), Curtis Hall (Healthy), Nathan Legare (Healthy), Hunter McKown (Healthy), Donovan Sebrango (Healthy)
Colton Poolman (Healthy), Jakub Skarek (Healthy), Mitchell Gibson (Healthy), Keith Petruzzelli (Healthy), Isaiah Saville (Healthy)
Comets
5 vs 5 Forward
Center Left Wing Right Wing Time % Phy DF OF
1 Justin Dowling Roby Jarventie Justin Richards 25 0 2 3
2 Logan Shaw Matthew Highmore Vasily Podkolzin 25 0 2 3
3 Tanner Fritz Riley Nash Patrick Brown 25 0 2 3
4 Tucker Robertson Logan Shaw Justin Richards 25 0 2 3
5 vs 5 Defense
Defense Defense Time % Phy DF OF
1 Ethan Bear Kevin Korchinski 25 0 4 1
2 Ashton Sautner Jack Rathbone 25 0 4 1
3 Jett Woo Zach Metsa 25 0 4 1
4 Jack Rathbone Ethan Bear 25 0 4 1
PowerPlay Forward
Center Left Wing Right Wing Time % Phy DF OF
1 Logan Shaw Roby Jarventie Patrick Brown 60 0 0 5
2 Justin Dowling Matthew Highmore Vasily Podkolzin 40 0 0 5
PowerPlay Defense
Defense Defense Time % Phy DF OF
1 Ethan Bear Ashton Sautner 60 0 0 5
2 Jack Rathbone Zach Metsa 40 0 0 5
Penalty Kill 4 Players Forward
Center Wing Time % Phy DF OF
1 Justin Dowling Matthew Highmore 60 0 5 0
2 Logan Shaw Roby Jarventie 40 0 5 0
Penalty Kill 4 Players Defense
Defense Defense Time % Phy DF OF
1 Jack Rathbone Kevin Korchinski 60 0 5 0
2 Ethan Bear Ashton Sautner 40 0 5 0
Penalty Kill - 3 Players Forward
Forward Time % Phy DF OF
1 Patrick Brown 60 0 5 0
2 Justin Dowling 40 0 5 0
Penalty Kill - 3 Players Defense
Defense Defense Time % Phy DF OF
1 Kevin Korchinski Jack Rathbone 60 0 5 0
2 Ashton Sautner Ethan Bear 40 0 5 0
4 vs 4 Forward
Center Wing Time % Phy DF OF
1 Justin Dowling Matthew Highmore 60 0 2 3
2 Logan Shaw Vasily Podkolzin 40 0 2 3
4 vs 4 Defense
Defense Defense Time % Phy DF OF
1 Ethan Bear Jack Rathbone 60 0 4 1
2 Ashton Sautner Zach Metsa 40 0 4 1
Last Minutes Offensive
Center Left Wing Right Wing Defense Defense
Justin Dowling Vasily Podkolzin Logan Shaw Ethan Bear Kevin Korchinski
Last Minutes Defensive
Center Left Wing Right Wing Defense Defense
Justin Dowling Matthew Highmore Logan Shaw Ethan Bear Kevin Korchinski
Goaltenders
Starting : Jordan Papirny
Backup : Ludovic Waeber
Extra Forwards
Normal : Matthew Highmore, Patrick Brown, Roby Jarventie - PP : Tucker Robertson, Vasily Podkolzin - PK : Patrick Brown
Extra Defensemen
Normal : Ashton Sautner, Ethan Bear, Kevin Korchinski - PP : Ethan Bear - PK : Ethan Bear, Jack Rathbone
Penalty Shots
Logan Shaw, Roby Jarventie, Vasily Podkolzin, Justin Dowling, Matthew Highmore
Custom OT Lines Forwards
Logan Shaw, Vasily Podkolzin, Patrick Brown, Justin Richards, Tanner Fritz, Justin Dowling, Roby Jarventie, Tucker Robertson, Riley Nash, Matthew Highmore
Custom OT Lines Defensemen
Kevin Korchinski, Jett Woo, Ethan Bear, Ashton Sautner, Jack Rathbone
Scratches
Cody Glass (Healthy), Leo Loof (Healthy), Brett Budgell (Healthy), Colin Felix (Healthy), Alex Gallant (Healthy)
Eric Comrie (Healthy)
% Time on Ice - Thunderbirds
Lines # - Real PCT - Wanted PCT - Time Play
Normal Forward
1 - 29% - 25% - 8:42
2 - 25% - 25% - 7:33
3 - 37% - 25% - 11:00
4 - 9% - 25% - 2:46
Normal Defense
1 - 31% - 25% - 9:18
2 - 19% - 25% - 5:50
3 - 39% - 25% - 11:38
4 - 11% - 25% - 3:15
PP Forward
1 - 51% - 60% - 12:01
2 - 49% - 40% - 11:41
PP Defense
1 - 52% - 60% - 12:16
2 - 48% - 40% - 11:26
PK Forward
1 - 74% - 60% - 4:24
2 - 26% - 40% - 1:33
PK Defense
1 - 54% - 60% - 3:12
2 - 46% - 40% - 2:45
PK3 Forward
1 - 0% - 60%
2 - 0% - 40%
PK3 Defense
1 - 0% - 60%
2 - 0% - 40%
44 Forward
1 - 0% - 60%
2 - 0% - 40%
44 Defense
1 - 0% - 60%
2 - 0% - 40%
Last Minute Offensive - 0:20
Last Minute Defensive - 0:00
Total
Forward - 60:00
Defense - 60:00
|
% Time on Ice - Comets
Lines # - Real PCT - Wanted PCT - Time Play
Normal Forward
1 - 21% - 25% - 6:15
2 - 17% - 25% - 5:15
3 - 37% - 25% - 11:05
4 - 25% - 25% - 7:26
Normal Defense
1 - 25% - 25% - 7:33
2 - 27% - 25% - 8:10
3 - 41% - 25% - 12:10
4 - 7% - 25% - 2:08
PP Forward
1 - 42% - 60% - 2:29
2 - 58% - 40% - 3:28
PP Defense
1 - 57% - 60% - 3:23
2 - 43% - 40% - 2:34
PK Forward
1 - 63% - 60% - 14:52
2 - 37% - 40% - 8:50
PK Defense
1 - 49% - 60% - 11:33
2 - 51% - 40% - 12:09
PK3 Forward
1 - 0% - 60%
2 - 0% - 40%
PK3 Defense
1 - 0% - 60%
2 - 0% - 40%
44 Forward
1 - 0% - 60%
2 - 0% - 40%
44 Defense
1 - 0% - 60%
2 - 0% - 40%
Last Minute Offensive - 0:00
Last Minute Defensive - 0:20
Total
Forward - 60:00
Defense - 60:00
|
Play-by-Play
1st period
0:01 of 1st period - Lukas Reichel wins face-off versus Roby Jarventie in neutral zone.
0:01 of 1st period - Jacob Lucchini is hit by Roby Jarventie and loses puck.
0:08 of 1st period - Shot by AJ Greer.
0:08 of 1st period - Deflect By Lukas Reichel.
0:08 of 1st period - Shot Misses the Net.
0:19 of 1st period - AJ Greer is hit by Ethan Bear and loses puck.
0:43 of 1st period - Icing by AJ Greer.
0:44 of 1st period - Lukas Reichel wins face-off versus Logan Shaw in Thunderbirds zone.
0:54 of 1st period - Icing by Ashton Sautner.
0:55 of 1st period - Logan Shaw wins face-off versus Jackson Cates in Comets zone.
0:55 of 1st period - Vasily Podkolzin is hit by Jasper Weatherby and loses puck.
1:36 of 1st period - Artyom Anisimov is hit by Vasily Podkolzin and loses puck.
1:54 of 1st period - Off-side.
1:55 of 1st period - Tyson Jost wins face-off versus Justin Dowling in neutral zone.
2:05 of 1st period - Justin Dowling is hit by Vincent Iorio and loses puck.
2:31 of 1st period - Roby Jarventie is hit by Oliver Kylington.
2:50 of 1st period - Icing by Justin Dowling.
2:51 of 1st period - Roby Jarventie wins face-off versus Lukas Reichel in Comets zone.
3:41 of 1st period - Icing by Ethan Bear.
3:42 of 1st period - Artyom Anisimov wins face-off versus Tanner Fritz in Comets zone.
3:43 of 1st period - Shot by Jackson Cates.
3:43 of 1st period - Stopped by Jordan Papirny without a rebound.
3:44 of 1st period - Logan Shaw wins face-off versus Artyom Anisimov in Comets zone.
4:00 of 1st period - Shot by Jackson Cates.
4:00 of 1st period - Shot Blocked by Matthew Highmore.
4:02 of 1st period - Shot by Artyom Anisimov.
4:02 of 1st period - Deflect By Jackson Cates.
4:02 of 1st period - Shot Misses the Net.
4:04 of 1st period - Shot by Jackson Cates.
4:04 of 1st period - Stopped by Jordan Papirny without a rebound.
4:05 of 1st period - Hugh McGing wins face-off versus Tucker Robertson in Comets zone.
4:10 of 1st period - Shot by Hugh McGing.
4:10 of 1st period - Shot Hit the Post.
4:30 of 1st period - Logan Shaw is hit by Robert Bortuzzo.
4:38 of 1st period - Ashton Sautner is hit by Tyson Jost and loses puck.
5:03 of 1st period - Shot by Artyom Anisimov.
5:03 of 1st period - Shot Misses the Net.
5:14 of 1st period - Artyom Anisimov is hit by Ashton Sautner and loses puck.
5:31 of 1st period - Justin Richards is hit by Artyom Anisimov and loses puck.
6:04 of 1st period - Shot by Lukas Reichel.
6:04 of 1st period - Stopped by Jordan Papirny without a rebound.
6:05 of 1st period - Tanner Fritz wins face-off versus Hugh McGing in Comets zone.
6:18 of 1st period - Icing by Vincent Iorio.
6:19 of 1st period - Tanner Fritz wins face-off versus Hugh McGing in Thunderbirds zone.
6:20 of 1st period - Shot by Kevin Korchinski.
6:20 of 1st period - Shot Misses the Net.
6:21 of 1st period - Minor Penalty to Robert Bortuzzo for Tripping.
6:22 of 1st period - Artyom Anisimov wins face-off versus Justin Dowling in Thunderbirds zone.
6:30 of 1st period - Icing by Ethan Bear.
6:31 of 1st period - Vasily Podkolzin wins face-off versus Artyom Anisimov in Comets zone.
6:36 of 1st period - Shot by Vasily Podkolzin.
6:36 of 1st period - Stopped by Clay Stevenson without a rebound.
6:37 of 1st period - Justin Dowling wins face-off versus Artyom Anisimov in Thunderbirds zone.
7:05 of 1st period - Justin Dowling is hit by Marc Del Gaizo.
8:18 of 1st period - Shot by Ethan Bear.
8:18 of 1st period - Deflect By Matthew Highmore.
8:18 of 1st period - Shot Blocked by Vincent Iorio.
8:36 of 1st period - Icing by James Malatesta.
8:37 of 1st period - Hugh McGing wins face-off versus Tucker Robertson in Thunderbirds zone.
8:45 of 1st period - Off-side.
8:46 of 1st period - Artyom Anisimov wins face-off versus Tanner Fritz in neutral zone.
9:00 of 1st period - Shot by Jackson Cates.
9:00 of 1st period - Shot Misses the Net.
9:02 of 1st period - Shot by Robert Bortuzzo.
9:02 of 1st period - Deflect By Jasper Weatherby.
9:02 of 1st period - Shot Misses the Net.
9:16 of 1st period - Shot by Artyom Anisimov.
9:16 of 1st period - Stopped by Jordan Papirny without a rebound.
9:17 of 1st period - Hugh McGing wins face-off versus Justin Richards in Comets zone.
9:31 of 1st period - Shot by Roby Jarventie.
9:31 of 1st period - Stopped by Clay Stevenson without a rebound.
9:32 of 1st period - Logan Shaw wins face-off versus AJ Greer in Thunderbirds zone.
9:43 of 1st period - Shot by Vasily Podkolzin.
9:43 of 1st period - Shot Blocked by AJ Greer.
9:53 of 1st period - Shot by AJ Greer.
9:53 of 1st period - Shot Blocked by Ashton Sautner.
9:55 of 1st period - Shot by Jacob Lucchini.
9:55 of 1st period - Stopped by Jordan Papirny with a rebound.
10:18 of 1st period - Minor Penalty to Roby Jarventie for Delaying the game.
10:19 of 1st period - Justin Dowling wins face-off versus Hugh McGing in Comets zone.
10:19 of 1st period - Justin Dowling is hit by James Malatesta.
10:46 of 1st period - Shot by Hugh McGing.
10:46 of 1st period - Shot Blocked by Jack Rathbone.
10:48 of 1st period - Shot by Robert Bortuzzo.
10:48 of 1st period - Shot Misses the Net.
10:50 of 1st period - Shot by Robert Bortuzzo.
10:50 of 1st period - Shot Misses the Net.
10:52 of 1st period - Shot by James Malatesta.
10:52 of 1st period - Shot Misses the Net.
10:54 of 1st period - Shot by Hugh McGing.
10:54 of 1st period - Stopped by Jordan Papirny with a rebound.
11:26 of 1st period - Shot by Tyson Jost.
11:26 of 1st period - Stopped by Jordan Papirny without a rebound.
11:27 of 1st period - Hugh McGing wins face-off versus Logan Shaw in Comets zone.
12:11 of 1st period - Tyson Jost is hit by Wyatt Kaiser.
12:31 of 1st period - Shot by Tanner Fritz.
12:31 of 1st period - Shot Misses the Net.
12:32 of 1st period - Minor Penalty to Tanner Fritz for High sticking.
12:33 of 1st period - Justin Dowling wins face-off versus Lukas Reichel in Comets zone.
12:54 of 1st period - Shot by Lukas Reichel.
12:54 of 1st period - Shot Misses the Net.
14:29 of 1st period - Shot by Marc Del Gaizo.
14:29 of 1st period - Stopped by Jordan Papirny without a rebound.
14:30 of 1st period - Patrick Brown wins face-off versus Lukas Reichel in Comets zone.
15:01 of 1st period - Shot by Riley Nash.
15:01 of 1st period - Deflect By Patrick Brown.
15:01 of 1st period - Goal by Patrick Brown - Thunderbirds : 0 - Comets : 1.
15:02 of 1st period - Tucker Robertson wins face-off versus Hugh McGing in neutral zone.
16:04 of 1st period - Icing by Peetro Seppala.
16:05 of 1st period - Justin Dowling wins face-off versus Artyom Anisimov in Thunderbirds zone.
16:47 of 1st period - Roby Jarventie is hit by Uvis Balinskis and loses puck.
16:57 of 1st period - Oliver Kylington is hit by Ashton Sautner and loses puck.
17:10 of 1st period - Shot by AJ Greer.
17:10 of 1st period - Shot Misses the Net.
17:13 of 1st period - Double Minor Penalty to Ashton Sautner for High sticking.
17:14 of 1st period - Hugh McGing wins face-off versus Patrick Brown in Comets zone.
17:42 of 1st period - Icing by Artyom Anisimov.
17:43 of 1st period - Hugh McGing wins face-off versus Patrick Brown in Thunderbirds zone.
17:59 of 1st period - Icing by Oliver Kylington.
18:00 of 1st period - Justin Dowling wins face-off versus Lukas Reichel in Thunderbirds zone.
18:02 of 1st period - Matthew Highmore is hit by Uvis Balinskis and loses puck.
18:09 of 1st period - Shot by Jacob Lucchini.
18:09 of 1st period - Shot Misses the Net.
18:11 of 1st period - Shot by Tyson Jost.
18:11 of 1st period - Stopped by Jordan Papirny with a rebound.
18:13 of 1st period - Shot by Oliver Kylington.
18:13 of 1st period - Stopped by Jordan Papirny without a rebound.
18:14 of 1st period - Lukas Reichel wins face-off versus Logan Shaw in Comets zone.
18:15 of 1st period - Shot by Oliver Kylington.
18:15 of 1st period - Shot Misses the Net.
18:17 of 1st period - Shot by Jacob Lucchini.
18:17 of 1st period - Stopped by Jordan Papirny without a rebound.
18:18 of 1st period - Justin Dowling wins face-off versus Lukas Reichel in Comets zone.
18:18 of 1st period - Justin Dowling is hit by Jacob Lucchini.
18:40 of 1st period - Shot by Jacob Lucchini.
18:40 of 1st period - Shot Misses the Net.
18:42 of 1st period - Shot by Lukas Reichel.
18:42 of 1st period - Stopped by Jordan Papirny with a rebound.
18:44 of 1st period - Shot by Tyson Jost.
18:44 of 1st period - Shot Hit the Post.
19:19 of 1st period - Shot by James Malatesta.
19:19 of 1st period - Stopped by Jordan Papirny without a rebound.
19:20 of 1st period - Tyson Jost wins face-off versus Justin Dowling in Comets zone.
19:31 of 1st period - Shot by Oliver Kylington.
19:31 of 1st period - Stopped by Jordan Papirny without a rebound.
19:32 of 1st period - Justin Dowling wins face-off versus Artyom Anisimov in Comets zone.
19:32 of 1st period - Justin Dowling is hit by Artyom Anisimov.
19:57 of 1st period - Shot by Logan Shaw.
19:57 of 1st period - Stopped by Clay Stevenson without a rebound.
19:58 of 1st period - Justin Dowling wins face-off versus Lukas Reichel in Thunderbirds zone.
Goals for this period are 0 for Thunderbirds vs 1 for Comets.
Shots for this period are 14 for Thunderbirds vs 4 for Comets.
2nd period
0:01 of 2nd period - Lukas Reichel wins face-off versus Matthew Highmore in neutral zone.
1:08 of 2nd period - Shot by Uvis Balinskis.
1:08 of 2nd period - Deflect By James Malatesta.
1:08 of 2nd period - Shot Misses the Net.
1:10 of 2nd period - Shot by Oliver Kylington.
1:10 of 2nd period - Shot Blocked by Roby Jarventie.
1:12 of 2nd period - Shot by James Malatesta.
1:12 of 2nd period - Shot Misses the Net.
1:17 of 2nd period - Minor Penalty to Jett Woo for Tripping.
1:18 of 2nd period - Justin Dowling wins face-off versus Hugh McGing in Comets zone.
1:35 of 2nd period - Shot by Oliver Kylington.
1:35 of 2nd period - Shot Blocked by Kevin Korchinski.
1:37 of 2nd period - Shot by Oliver Kylington.
1:37 of 2nd period - Stopped by Jordan Papirny without a rebound.
1:38 of 2nd period - Justin Dowling wins face-off versus Lukas Reichel in Comets zone.
2:02 of 2nd period - Icing by Tyson Jost.
2:03 of 2nd period - Lukas Reichel wins face-off versus Justin Dowling in Thunderbirds zone.
2:03 of 2nd period - Lukas Reichel is hit by Matthew Highmore.
2:22 of 2nd period - Icing by Uvis Balinskis.
2:23 of 2nd period - Hugh McGing wins face-off versus Logan Shaw in Thunderbirds zone.
2:30 of 2nd period - Shot by Uvis Balinskis.
2:30 of 2nd period - Shot Misses the Net.
2:32 of 2nd period - Shot by Artyom Anisimov.
2:32 of 2nd period - Deflect By James Malatesta.
2:32 of 2nd period - Shot Blocked by Kevin Korchinski.
2:40 of 2nd period - Shot by Uvis Balinskis.
2:40 of 2nd period - Stopped by Jordan Papirny without a rebound.
2:41 of 2nd period - Justin Dowling wins face-off versus Lukas Reichel in Comets zone.
3:09 of 2nd period - Shot by Tyson Jost.
3:09 of 2nd period - Shot Misses the Net.
3:23 of 2nd period - Shot by Jackson Cates.
3:23 of 2nd period - Shot Misses the Net.
3:49 of 2nd period - Shot by Riley Nash.
3:49 of 2nd period - Stopped by Clay Stevenson without a rebound.
3:50 of 2nd period - Hugh McGing wins face-off versus Logan Shaw in Thunderbirds zone.
3:50 of 2nd period - Hugh McGing is hit by Vasily Podkolzin.
4:00 of 2nd period - Shot by Matthew Highmore.
4:00 of 2nd period - Shot Blocked by Uvis Balinskis.
4:03 of 2nd period - Icing by Uvis Balinskis.
4:04 of 2nd period - Hugh McGing wins face-off versus Justin Dowling in Thunderbirds zone.
4:18 of 2nd period - Icing by Kevin Korchinski.
4:19 of 2nd period - Lukas Reichel wins face-off versus Justin Dowling in Comets zone.
5:17 of 2nd period - Shot by Vasily Podkolzin.
5:17 of 2nd period - Stopped by Clay Stevenson without a rebound.
5:18 of 2nd period - Tanner Fritz wins face-off versus Artyom Anisimov in Thunderbirds zone.
5:31 of 2nd period - Shot by Patrick Brown.
5:31 of 2nd period - Stopped by Clay Stevenson without a rebound.
5:32 of 2nd period - Tucker Robertson wins face-off versus Hugh McGing in Thunderbirds zone.
5:33 of 2nd period - Shot by Logan Shaw.
5:33 of 2nd period - Goal by Logan Shaw - Thunderbirds : 0 - Comets : 2.
5:34 of 2nd period - Logan Shaw wins face-off versus Hugh McGing in neutral zone.
5:45 of 2nd period - Shot by Matthew Highmore.
5:45 of 2nd period - Shot Misses the Net.
5:51 of 2nd period - Shot by Logan Shaw.
5:51 of 2nd period - Stopped by Clay Stevenson without a rebound.
5:52 of 2nd period - Justin Dowling wins face-off versus Artyom Anisimov in Thunderbirds zone.
6:10 of 2nd period - Shot by Justin Dowling.
6:10 of 2nd period - Deflect By Roby Jarventie.
6:10 of 2nd period - Stopped by Clay Stevenson with a rebound.
6:12 of 2nd period - Shot by Jack Rathbone.
6:12 of 2nd period - Stopped by Clay Stevenson without a rebound.
6:13 of 2nd period - Logan Shaw wins face-off versus Hugh McGing in Thunderbirds zone.
6:27 of 2nd period - Minor Penalty to Vincent Iorio for Tripping.
6:28 of 2nd period - Artyom Anisimov wins face-off versus Logan Shaw in Thunderbirds zone.
6:28 of 2nd period - Artyom Anisimov is hit by Patrick Brown.
6:42 of 2nd period - Shot by Roby Jarventie.
6:42 of 2nd period - Stopped by Clay Stevenson without a rebound.
6:43 of 2nd period - Justin Dowling wins face-off versus Artyom Anisimov in Thunderbirds zone.
6:43 of 2nd period - Matthew Highmore is hit by Oliver Kylington and loses puck.
7:00 of 2nd period - Shot by Justin Dowling.
7:00 of 2nd period - Shot Misses the Net.
7:02 of 2nd period - Shot by Zach Metsa.
7:02 of 2nd period - Stopped by Clay Stevenson without a rebound.
7:03 of 2nd period - Logan Shaw wins face-off versus Artyom Anisimov in Thunderbirds zone.
7:38 of 2nd period - Shot by Patrick Brown.
7:38 of 2nd period - Shot Misses the Net.
7:40 of 2nd period - Shot by Ethan Bear.
7:40 of 2nd period - Stopped by Clay Stevenson with a rebound.
8:29 of 2nd period - Icing by Uvis Balinskis.
8:30 of 2nd period - Logan Shaw wins face-off versus Hugh McGing in Thunderbirds zone.
8:49 of 2nd period - Shot by Robert Bortuzzo.
8:49 of 2nd period - Stopped by Jordan Papirny without a rebound.
8:50 of 2nd period - Tanner Fritz wins face-off versus Jasper Weatherby in Comets zone.
8:55 of 2nd period - Shot by Riley Nash.
8:55 of 2nd period - Stopped by Clay Stevenson without a rebound.
8:56 of 2nd period - Tanner Fritz wins face-off versus Hugh McGing in Thunderbirds zone.
8:56 of 2nd period - Tanner Fritz is hit by Oliver Kylington.
9:03 of 2nd period - Minor Penalty to Vincent Iorio for Cross-checking.
9:04 of 2nd period - Matthew Highmore wins face-off versus Artyom Anisimov in Thunderbirds zone.
9:17 of 2nd period - Shot by Ethan Bear.
9:17 of 2nd period - Shot Misses the Net.
10:07 of 2nd period - Shot by Roby Jarventie.
10:07 of 2nd period - Shot Misses the Net.
10:09 of 2nd period - Shot by Logan Shaw.
10:09 of 2nd period - Stopped by Clay Stevenson with a rebound.
10:11 of 2nd period - Shot by Patrick Brown.
10:11 of 2nd period - Stopped by Clay Stevenson with a rebound.
10:13 of 2nd period - Shot by Roby Jarventie.
10:13 of 2nd period - Shot Misses the Net.
10:15 of 2nd period - Shot by Roby Jarventie.
10:15 of 2nd period - Shot Misses the Net.
10:17 of 2nd period - Shot by Zach Metsa.
10:17 of 2nd period - Shot Misses the Net.
10:19 of 2nd period - Shot by Zach Metsa.
10:19 of 2nd period - Stopped by Clay Stevenson with a rebound.
10:35 of 2nd period - Shot by Vasily Podkolzin.
10:35 of 2nd period - Stopped by Clay Stevenson without a rebound.
10:36 of 2nd period - James Malatesta wins face-off versus Logan Shaw in Thunderbirds zone.
10:53 of 2nd period - Shot by Logan Shaw.
10:53 of 2nd period - Stopped by Clay Stevenson without a rebound.
10:54 of 2nd period - Justin Dowling wins face-off versus James Malatesta in Thunderbirds zone.
10:55 of 2nd period - Shot by Vasily Podkolzin.
10:55 of 2nd period - Shot Blocked by Jacob Lucchini.
10:57 of 2nd period - Shot by Ashton Sautner.
10:57 of 2nd period - Shot Blocked by James Malatesta.
10:59 of 2nd period - Shot by Matthew Highmore.
10:59 of 2nd period - Stopped by Clay Stevenson with a rebound.
11:01 of 2nd period - Shot by Ethan Bear.
11:01 of 2nd period - Stopped by Clay Stevenson without a rebound.
11:02 of 2nd period - Justin Dowling wins face-off versus James Malatesta in Thunderbirds zone.
11:05 of 2nd period - Shot by Vasily Podkolzin.
11:05 of 2nd period - Stopped by Clay Stevenson without a rebound.
11:06 of 2nd period - Hugh McGing wins face-off versus Tucker Robertson in Thunderbirds zone.
12:18 of 2nd period - Shot by Riley Nash.
12:18 of 2nd period - Shot Misses the Net.
12:31 of 2nd period - Off-side.
12:32 of 2nd period - Justin Dowling wins face-off versus Lukas Reichel in neutral zone.
12:42 of 2nd period - Minor Penalty to Roby Jarventie for Tripping.
12:43 of 2nd period - Justin Dowling wins face-off versus Lukas Reichel in Comets zone.
13:43 of 2nd period - Shot by Vasily Podkolzin.
13:43 of 2nd period - Deflect By Logan Shaw.
13:43 of 2nd period - Stopped by Clay Stevenson without a rebound.
13:44 of 2nd period - Lukas Reichel wins face-off versus Justin Dowling in Thunderbirds zone.
14:24 of 2nd period - Matthew Highmore is hit by Artyom Anisimov and loses puck.
14:37 of 2nd period - Shot by Hugh McGing.
14:37 of 2nd period - Shot Misses the Net.
14:39 of 2nd period - Shot by Peetro Seppala.
14:39 of 2nd period - Shot Misses the Net.
14:41 of 2nd period - Shot by Robert Bortuzzo.
14:41 of 2nd period - Stopped by Jordan Papirny with a rebound.
14:53 of 2nd period - Shot by Tyson Jost.
14:53 of 2nd period - Shot Misses the Net.
15:43 of 2nd period - Off-side.
15:44 of 2nd period - Tanner Fritz wins face-off versus Jacob Lucchini in neutral zone.
15:57 of 2nd period - Shot by Kevin Korchinski.
15:57 of 2nd period - Shot Misses the Net.
16:09 of 2nd period - Shot by Patrick Brown.
16:09 of 2nd period - Stopped by Clay Stevenson without a rebound.
16:10 of 2nd period - Artyom Anisimov wins face-off versus Logan Shaw in Thunderbirds zone.
16:15 of 2nd period - Vasily Podkolzin is hit by Jasper Weatherby and loses puck.
16:30 of 2nd period - Shot by Ashton Sautner.
16:30 of 2nd period - Goal by Ashton Sautner - Thunderbirds : 0 - Comets : 3.
16:31 of 2nd period - Riley Nash wins face-off versus Hugh McGing in neutral zone.
16:40 of 2nd period - Minor Penalty to Tanner Fritz for Tripping.
16:41 of 2nd period - Justin Dowling wins face-off versus James Malatesta in Comets zone.
17:26 of 2nd period - Shot by Oliver Kylington.
17:26 of 2nd period - Shot Misses the Net.
17:28 of 2nd period - Shot by Lukas Reichel.
17:28 of 2nd period - Shot Misses the Net.
17:30 of 2nd period - Shot by Oliver Kylington.
17:30 of 2nd period - Shot Misses the Net.
17:32 of 2nd period - Shot by Oliver Kylington.
17:32 of 2nd period - Stopped by Jordan Papirny without a rebound.
17:33 of 2nd period - Lukas Reichel wins face-off versus Justin Dowling in Comets zone.
17:40 of 2nd period - Shot by Uvis Balinskis.
17:40 of 2nd period - Shot Blocked by Ethan Bear.
17:42 of 2nd period - Shot by Oliver Kylington.
17:42 of 2nd period - Shot Misses the Net.
17:44 of 2nd period - Shot by Oliver Kylington.
17:44 of 2nd period - Shot Blocked by Ethan Bear.
17:46 of 2nd period - Shot by Oliver Kylington.
17:46 of 2nd period - Shot Misses the Net.
17:48 of 2nd period - Shot by Jacob Lucchini.
17:48 of 2nd period - Shot Misses the Net.
17:50 of 2nd period - Shot by Oliver Kylington.
17:50 of 2nd period - Deflect By Lukas Reichel.
17:50 of 2nd period - Stopped by Jordan Papirny with a rebound.
19:01 of 2nd period - Patrick Brown is hit by Marc Del Gaizo and loses puck.
19:16 of 2nd period - Riley Nash is hit by Marc Del Gaizo and loses puck.
Goals for this period are 0 for Thunderbirds vs 2 for Comets.
Shots for this period are 6 for Thunderbirds vs 22 for Comets.
3rd period
0:01 of 3rd period - Jackson Cates wins face-off versus Logan Shaw in neutral zone.
0:20 of 3rd period - Shot by Lukas Reichel.
0:20 of 3rd period - Shot Misses the Net.
0:27 of 3rd period - Vasily Podkolzin is hit by Vincent Iorio and loses puck.
0:54 of 3rd period - Shot by Justin Dowling.
0:54 of 3rd period - Shot Misses the Net.
0:56 of 3rd period - Shot by Justin Dowling.
0:56 of 3rd period - Deflect By Roby Jarventie.
0:56 of 3rd period - Stopped by Clay Stevenson without a rebound.
0:57 of 3rd period - Artyom Anisimov wins face-off versus Tanner Fritz in Thunderbirds zone.
0:57 of 3rd period - Artyom Anisimov is hit by Tanner Fritz.
1:26 of 3rd period - Minor Penalty to Jett Woo for Roughing.
1:27 of 3rd period - Justin Dowling wins face-off versus Lukas Reichel in Comets zone.
1:46 of 3rd period - Tyson Jost is hit by Justin Dowling and loses puck.
1:55 of 3rd period - Shot by Tyson Jost.
1:55 of 3rd period - Shot Misses the Net.
3:36 of 3rd period - Shot by Jackson Cates.
3:36 of 3rd period - Shot Blocked by Zach Metsa.
3:38 of 3rd period - Shot by Jackson Cates.
3:38 of 3rd period - Stopped by Jordan Papirny with a rebound.
3:40 of 3rd period - Shot by Jackson Cates.
3:40 of 3rd period - Stopped by Jordan Papirny without a rebound.
3:41 of 3rd period - Jackson Cates wins face-off versus Justin Richards in Comets zone.
4:02 of 3rd period - James Malatesta is hit by Justin Richards and loses puck.
4:13 of 3rd period - Shot by Logan Shaw.
4:13 of 3rd period - Stopped by Clay Stevenson without a rebound.
4:14 of 3rd period - Tanner Fritz wins face-off versus Jasper Weatherby in Thunderbirds zone.
4:36 of 3rd period - Jacob Lucchini is hit by Ethan Bear.
5:02 of 3rd period - Shot by Jack Rathbone.
5:02 of 3rd period - Shot Misses the Net.
5:04 of 3rd period - Shot by Jack Rathbone.
5:04 of 3rd period - Shot Blocked by Artyom Anisimov.
5:06 of 3rd period - Shot by Roby Jarventie.
5:06 of 3rd period - Stopped by Clay Stevenson without a rebound.
5:07 of 3rd period - Artyom Anisimov wins face-off versus Logan Shaw in Thunderbirds zone.
5:07 of 3rd period - Artyom Anisimov is hit by Vasily Podkolzin.
5:36 of 3rd period - Icing by Robert Bortuzzo.
5:37 of 3rd period - Justin Dowling wins face-off versus Jasper Weatherby in Thunderbirds zone.
5:44 of 3rd period - Shot by Roby Jarventie.
5:44 of 3rd period - Deflect By Justin Dowling.
5:44 of 3rd period - Stopped by Clay Stevenson with a rebound.
7:05 of 3rd period - Minor Penalty to Vasily Podkolzin for Cross-checking.
7:06 of 3rd period - Hugh McGing wins face-off versus Justin Dowling in Comets zone.
7:27 of 3rd period - Shot by James Malatesta.
7:27 of 3rd period - Shot Misses the Net.
7:55 of 3rd period - Shot by Justin Richards.
7:55 of 3rd period - Deflect By Matthew Highmore.
7:55 of 3rd period - Stopped by Clay Stevenson without a rebound.
7:56 of 3rd period - Justin Dowling wins face-off versus Lukas Reichel in Thunderbirds zone.
8:07 of 3rd period - Shot by Tyson Jost.
8:07 of 3rd period - Shot Blocked by Ashton Sautner.
8:51 of 3rd period - Shot by James Malatesta.
8:51 of 3rd period - Shot Misses the Net.
9:23 of 3rd period - Shot by Tanner Fritz.
9:23 of 3rd period - Stopped by Clay Stevenson without a rebound.
9:24 of 3rd period - Tucker Robertson wins face-off versus Tyson Jost in Thunderbirds zone.
10:18 of 3rd period - Icing by Robert Bortuzzo.
10:19 of 3rd period - AJ Greer wins face-off versus Tanner Fritz in Thunderbirds zone.
10:19 of 3rd period - AJ Greer is hit by Riley Nash.
11:06 of 3rd period - Minor Penalty to Roby Jarventie for Interference.
11:07 of 3rd period - Justin Dowling wins face-off versus Hugh McGing in Comets zone.
11:37 of 3rd period - Icing by Oliver Kylington.
11:38 of 3rd period - Justin Dowling wins face-off versus James Malatesta in Thunderbirds zone.
11:45 of 3rd period - Shot by Oliver Kylington.
11:45 of 3rd period - Stopped by Jordan Papirny with a rebound.
11:47 of 3rd period - Shot by Uvis Balinskis.
11:47 of 3rd period - Stopped by Jordan Papirny with a rebound.
11:49 of 3rd period - Shot by Uvis Balinskis.
11:49 of 3rd period - Shot Blocked by Kevin Korchinski.
11:51 of 3rd period - Shot by James Malatesta.
11:51 of 3rd period - Shot Misses the Net.
12:22 of 3rd period - Shot by Tyson Jost.
12:22 of 3rd period - Deflect By Jasper Weatherby.
12:22 of 3rd period - Shot Misses the Net.
12:24 of 3rd period - Shot by Robert Bortuzzo.
12:24 of 3rd period - Deflect By Tyson Jost.
12:24 of 3rd period - Stopped by Jordan Papirny without a rebound.
12:25 of 3rd period - Hugh McGing wins face-off versus Justin Dowling in Comets zone.
12:28 of 3rd period - Shot by Oliver Kylington.
12:28 of 3rd period - Shot Misses the Net.
12:30 of 3rd period - Shot by Artyom Anisimov.
12:30 of 3rd period - Deflect By James Malatesta.
12:30 of 3rd period - Shot Misses the Net.
12:36 of 3rd period - Shot by Oliver Kylington.
12:36 of 3rd period - Stopped by Jordan Papirny without a rebound.
12:37 of 3rd period - Lukas Reichel wins face-off versus Logan Shaw in Comets zone.
12:48 of 3rd period - Shot by Oliver Kylington.
12:48 of 3rd period - Shot Blocked by Jack Rathbone.
12:50 of 3rd period - Shot by AJ Greer.
12:50 of 3rd period - Stopped by Jordan Papirny without a rebound.
12:51 of 3rd period - Justin Dowling wins face-off versus Hugh McGing in Comets zone.
12:57 of 3rd period - Icing by Robert Bortuzzo.
12:58 of 3rd period - Justin Dowling wins face-off versus Hugh McGing in Thunderbirds zone.
13:09 of 3rd period - Tucker Robertson is hit by Jasper Weatherby and loses puck.
13:15 of 3rd period - Off-side.
13:16 of 3rd period - Lukas Reichel wins face-off versus Tanner Fritz in neutral zone.
13:43 of 3rd period - Shot by Patrick Brown.
13:43 of 3rd period - Stopped by Clay Stevenson with a rebound.
13:45 of 3rd period - Shot by Patrick Brown.
13:45 of 3rd period - Shot Misses the Net.
13:54 of 3rd period - Minor Penalty to Patrick Brown for Holding.
13:55 of 3rd period - Hugh McGing wins face-off versus Justin Dowling in Comets zone.
13:56 of 3rd period - Shot by James Malatesta.
13:56 of 3rd period - Stopped by Jordan Papirny without a rebound.
13:57 of 3rd period - Justin Dowling wins face-off versus Hugh McGing in Comets zone.
13:59 of 3rd period - Matthew Highmore is hit by James Malatesta and loses puck.
14:18 of 3rd period - Shot by James Malatesta.
14:18 of 3rd period - Goal by James Malatesta - Thunderbirds : 1 - Comets : 3.
14:19 of 3rd period - Artyom Anisimov wins face-off versus Tucker Robertson in neutral zone.
14:32 of 3rd period - Shot by Zach Metsa.
14:32 of 3rd period - Stopped by Clay Stevenson with a rebound.
14:34 of 3rd period - Shot by Zach Metsa.
14:34 of 3rd period - Shot Misses the Net.
14:48 of 3rd period - Shot by Logan Shaw.
14:48 of 3rd period - Stopped by Clay Stevenson without a rebound.
14:49 of 3rd period - Hugh McGing wins face-off versus Tanner Fritz in Thunderbirds zone.
15:09 of 3rd period - Minor Penalty to Riley Nash for Tripping.
15:10 of 3rd period - Justin Dowling wins face-off versus Lukas Reichel in Comets zone.
15:10 of 3rd period - Justin Dowling is hit by Lukas Reichel.
16:25 of 3rd period - Shot by Artyom Anisimov.
16:25 of 3rd period - Stopped by Jordan Papirny without a rebound.
16:26 of 3rd period - Logan Shaw wins face-off versus Hugh McGing in Comets zone.
16:37 of 3rd period - Shot by Vincent Iorio.
16:37 of 3rd period - Deflect By James Malatesta.
16:37 of 3rd period - Goal by James Malatesta - Thunderbirds : 2 - Comets : 3.
16:38 of 3rd period - Artyom Anisimov wins face-off versus Tanner Fritz in neutral zone.
17:02 of 3rd period - Shot by Jackson Cates.
17:02 of 3rd period - Stopped by Jordan Papirny without a rebound.
17:03 of 3rd period - Logan Shaw wins face-off versus Jackson Cates in Comets zone.
17:08 of 3rd period - Shot by Logan Shaw.
17:08 of 3rd period - Shot Blocked by Robert Bortuzzo.
17:19 of 3rd period - Shot by Lukas Reichel.
17:19 of 3rd period - Stopped by Jordan Papirny without a rebound.
17:20 of 3rd period - Hugh McGing wins face-off versus Justin Dowling in Comets zone.
17:35 of 3rd period - Shot by Tyson Jost.
17:35 of 3rd period - Stopped by Jordan Papirny without a rebound.
17:36 of 3rd period - Artyom Anisimov wins face-off versus Logan Shaw in Comets zone.
17:40 of 3rd period - Minor Penalty to Vasily Podkolzin for Hooking.
17:41 of 3rd period - Justin Dowling wins face-off versus Hugh McGing in Comets zone.
17:51 of 3rd period - Kevin Korchinski is hit by James Malatesta and loses puck.
18:39 of 3rd period - Uvis Balinskis is hit by Roby Jarventie and loses puck.
18:58 of 3rd period - Shot by Roby Jarventie.
18:58 of 3rd period - Shot Blocked by Oliver Kylington.
19:26 of 3rd period - Shot by Justin Dowling.
19:26 of 3rd period - Stopped by Clay Stevenson without a rebound.
19:27 of 3rd period - Lukas Reichel wins face-off versus Justin Dowling in Thunderbirds zone.
19:48 of 3rd period - Shot by Matthew Highmore.
19:48 of 3rd period - Stopped by Clay Stevenson with a rebound.
19:50 of 3rd period - Shot by Kevin Korchinski.
19:50 of 3rd period - Stopped by Clay Stevenson without a rebound.
19:51 of 3rd period - Lukas Reichel wins face-off versus Justin Dowling in Thunderbirds zone.
Goals for this period are 2 for Thunderbirds vs 0 for Comets.
Shots for this period are 14 for Thunderbirds vs 12 for Comets.
Back to the Top